General information
- name: BNet
- type: Ladder team game (AT/RT)
- host: Battle.net
- saver: timg4strok
map: SunrockCove
- players: 6
- length: 24:52
- speed: Fast
- version: 1.26 W3XP
- replay type:

» download(204 KB)
Players
team 1 (loser)
inhumanism (
red | 106 APM | 2620 actions | 24:48)
4 Archmage
2 Summon Water Elemental
2 Brilliance Aura
2 Mountain King
1 Storm Bolt
1 Bash
» actions
| Assign group hotkey | 82 | |
| Basic commands | 20 | |
| Build / train | 89 | |
| ESC pressed | 1 | |
| Enter build submenu | 23 | |
| Enter hero's abilities submenu | 6 | |
| Give item / drop item | 4 | |
| Remove unit from queue | 1 | |
| Right click | 942 | |
| Select / deselect | 394 | |
| Select group hotkey | 950 | |
| Use ability | 108 | |
2620 total
» units
| Peasant | 19 | |
| Footman | 10 | |
| Goblin Shredder | 3 | |
| Rifleman | 12 | |
| Sorceress | 5 | |
| Priest | 1 | |
| Spell Breaker | 2 | |
52 total
» upgrades
» buildings
| Altar of Kings | 2 | |
| Farm | 8 | |
| Barracks | 1 | |
| Keep | 3 | |
| Arcane Vault | 1 | |
| Lumber Mill | 1 | |
| Blacksmith | 1 | |
| Arcane Sanctum | 2 | |
19 total
» build order
00:06 Altar of Kings
00:13 Farm
00:21 Barracks
00:49 Farm
01:32 Farm
02:13 Farm
03:53 Keep
03:53 Keep
04:44 Arcane Vault
05:38 Lumber Mill
05:44 Blacksmith
05:49 Farm
05:50 Farm
06:45 Arcane Sanctum
08:01 Arcane Sanctum
18:14 Farm
18:59 Farm
19:41 Altar of Kings
» items
| Scroll of Regeneration | 1 | |
| Potion of Healing | 4 | |
| Lesser Clarity Potion | 1 | |
| Orb of Corruption | 1 | |
7 total
s.crasian (
yellow | 71 APM | 1760 actions | 24:46)
4 Demon Hunter
2 Mana Burn
2 Evasion
» actions
| Assign group hotkey | 22 | |
| Basic commands | 68 | |
| Build / train | 67 | |
| Enter build submenu | 25 | |
| Enter hero's abilities submenu | 4 | |
| Give item / drop item | 1 | |
| Remove unit from queue | 8 | |
| Right click | 904 | |
| Select / deselect | 422 | |
| Select group hotkey | 189 | |
| Use ability | 50 | |
1760 total
» units
| Wisp | 17 | |
| Huntress | 7 | |
| Archer | 6 | |
| Glaive Thrower | 5 | |
| Dryad | 1 | |
36 total
» upgrades
| Improved Bows | 1 | |
| Strength of the Moon | 2 | |
| Vorpal Blades | 1 | |
| Abolish Magic | 1 | |
5 total
» buildings
| Altar of Elders | 2 | |
| Moon Well | 8 | |
| Hunter's Hall | 1 | |
| Ancient of War | 3 | |
| Ancient Protector | 2 | |
| Tree of Ages | 1 | |
| Ancient of Lore | 1 | |
18 total
» build order
00:12 Altar of Elders
00:15 Altar of Elders
00:25 Moon Well
01:45 Hunter's Hall
02:05 Ancient of War
02:24 Moon Well
02:53 Moon Well
03:29 Moon Well
03:40 Ancient Protector
04:10 Ancient of War
04:18 Ancient Protector
05:29 Ancient of War
06:07 Moon Well
08:49 Tree of Ages
09:02 Moon Well
15:49 Ancient of Lore
19:46 Moon Well
22:01 Moon Well
» items
| Dust of Appearance | 1 | |
| Potion of Healing | 2 | |
| Potion of Lesser Invulnerability | 1 | |
| Scroll of Town Portal | 1 | |
5 total
zhangzheng (
orange | 115 APM | 2859 actions | 24:49)
5 Death Knight
2 Death Coil
2 Unholy Aura
1 Death Pact
3 Lich
2 Frost Nova
1 Frost Armor
» actions
| Assign group hotkey | 106 | |
| Basic commands | 15 | |
| Build / train | 89 | |
| Enter build submenu | 19 | |
| Enter hero's abilities submenu | 8 | |
| Give item / drop item | 4 | |
| Remove unit from queue | 3 | |
| Right click | 1170 | |
| Select / deselect | 287 | |
| Select group hotkey | 1033 | |
| Use ability | 125 | |
2859 total
» units
| Acolyte | 7 | |
| Ghoul | 4 | |
| Crypt Fiend | 12 | |
| Frost Wyrm | 18 | |
41 total
» upgrades
| Creature Attack | 3 | |
| Web | 1 | |
| Freezing Breath | 1 | |
| Burrow | 0 | |
| Creature Carapace | 2 | |
7 total
» buildings
| Graveyard | 1 | |
| Crypt | 1 | |
| Ziggurat | 8 | |
| Altar of Darkness | 2 | |
| Tomb of Relics | 1 | |
| Nerubian Tower | 1 | |
| Halls of the Dead | 3 | |
| Black Citadel | 1 | |
| Sacrificial Pit | 1 | |
| Spirit Tower | 6 | |
| Boneyard | 4 | |
| Necropolis | 1 | |
30 total
» build order
00:17 Graveyard
00:21 Crypt
00:31 Ziggurat
00:51 Altar of Darkness
01:06 Tomb of Relics
01:40 Ziggurat
01:59 Nerubian Tower
04:15 Halls of the Dead
04:15 Halls of the Dead
05:22 Ziggurat
06:24 Ziggurat
06:43 Black Citadel
06:51 Sacrificial Pit
07:45 Spirit Tower
07:47 Spirit Tower
08:46 Ziggurat
09:08 Boneyard
09:09 Boneyard
09:33 Ziggurat
12:04 Ziggurat
13:09 Boneyard
13:11 Boneyard
14:18 Spirit Tower
14:19 Spirit Tower
15:28 Altar of Darkness
18:19 Ziggurat
23:20 Spirit Tower
23:57 Necropolis
» items
| Rod of Necromancy | 3 | |
| Dust of Appearance | 1 | |
| Orb of Corruption | 2 | |
| Potion of Mana | 1 | |
| Potion of Healing | 1 | |
| Scroll of Town Portal | 3 | |
| Scroll of Healing | 1 | |
12 total
team 2 (winner)

»
BEAR_AND (
purple | 35 APM | 859 actions | 24:50)
1 Death Knight
1 Death Coil
» actions
| Assign group hotkey | 17 | |
| Build / train | 20 | |
| ESC pressed | 3 | |
| Enter build submenu | 12 | |
| Enter hero's abilities submenu | 1 | |
| Remove unit from queue | 1 | |
| Right click | 568 | |
| Select / deselect | 159 | |
| Select group hotkey | 67 | |
| Use ability | 11 | |
859 total
» units
| Acolyte | 5 | |
| Ghoul | 3 | |
| Crypt Fiend | 6 | |
14 total
» buildings
| Altar of Darkness | 1 | |
| Ziggurat | 2 | |
| Crypt | 2 | |
| Graveyard | 1 | |
| Tomb of Relics | 1 | |
7 total
» build order
00:08 Altar of Darkness
00:10 Ziggurat
00:35 Crypt
01:05 Ziggurat
01:28 Graveyard
02:04 Crypt
02:23 Tomb of Relics
» items

»
mata (
blue | 163 APM | 4045 actions | 24:50)
7 Demon Hunter
3 Mana Burn
3 Evasion
1 Metamorphosis
3 Naga Sea Witch
1 Frost Arrows
2 Forked Lightning
» actions
| Assign group hotkey | 275 | |
| Basic commands | 113 | |
| Build / train | 86 | |
| ESC pressed | 3 | |
| Enter build submenu | 34 | |
| Enter hero's abilities submenu | 10 | |
| Remove unit from queue | 2 | |
| Right click | 1465 | |
| Select / deselect | 809 | |
| Select group hotkey | 1175 | |
| Use ability | 73 | |
4045 total
» units
| Wisp | 17 | |
| Huntress | 4 | |
| Archer | 1 | |
| Dryad | 16 | |
| Druid of the Claw | 6 | |
| Druid of the Talon | 2 | |
| Chimaera | 3 | |
49 total
» upgrades
| Strength of the Wild | 2 | |
| Druid of the Claw Training | 2 | |
| Abolish Magic | 1 | |
| Corrosive Breath | 1 | |
6 total
» buildings
| Altar of Elders | 1 | |
| Moon Well | 10 | |
| Ancient of War | 1 | |
| Hunter's Hall | 1 | |
| Tree of Ages | 1 | |
| Ancient of Lore | 2 | |
| Tree of Life | 1 | |
| Tree of Eternity | 1 | |
| Ancient of Wind | 1 | |
| Chimaera Roost | 3 | |
22 total
» build order
00:06 Altar of Elders
00:20 Moon Well
01:40 Ancient of War
01:43 Hunter's Hall
02:09 Moon Well
03:04 Tree of Ages
04:07 Moon Well
05:13 Moon Well
05:34 Ancient of Lore
05:35 Ancient of Lore
05:58 Tree of Life
08:34 Tree of Eternity
09:11 Moon Well
11:57 Ancient of Wind
12:07 Moon Well
14:57 Chimaera Roost
14:57 Chimaera Roost
17:31 Moon Well
17:32 Moon Well
17:43 Moon Well
17:43 Moon Well
18:49 Chimaera Roost
» items
| Scroll of Protection | 2 | |
| Scroll of Healing | 2 | |
| Scroll of Town Portal | 3 | |
7 total

»
timg4strok (
pink | 181 APM | 4504 actions | 24:52)
6 Blademaster
2 Wind Walk
3 Critical Strike
1 Bladestorm
3 Shadow Hunter
2 Hex
1 Healing Wave
4 Death Knight
2 Unholy Aura
2 Death Coil
» actions
| Assign group hotkey | 42 | |
| Basic commands | 198 | |
| Build / train | 73 | |
| ESC pressed | 3 | |
| Enter build submenu | 22 | |
| Enter hero's abilities submenu | 13 | |
| Give item / drop item | 2 | |
| Right click | 1834 | |
| Select / deselect | 646 | |
| Select group hotkey | 1534 | |
| Use ability | 137 | |
4504 total
» units
| Peon | 11 | |
| Grunt | 6 | |
| Raider | 5 | |
| Tauren | 3 | |
| Troll Batrider | 3 | |
28 total
» upgrades
| Berserker Strength | 2 | |
| Ensnare | 1 | |
| Pillage | 1 | |
| Melee Weapons | 3 | |
| Armor | 2 | |
| Pulverize | 1 | |
| Spirit Walker Training | 1 | |
11 total
» buildings
| Altar of Storms | 1 | |
| Orc Burrow | 7 | |
| Barracks | 2 | |
| Voodoo Lounge | 1 | |
| Stronghold | 1 | |
| Beastiary | 2 | |
| War Mill | 1 | |
| Fortress | 1 | |
| Tauren Totem | 2 | |
| Spirit Lodge | 1 | |
| Great Hall | 1 | |
20 total
» build order
00:04 Altar of Storms
00:09 Orc Burrow
00:29 Barracks
00:35 Barracks
01:29 Voodoo Lounge
02:03 Orc Burrow
02:47 Stronghold
04:06 Orc Burrow
05:31 Beastiary
06:04 Beastiary
07:49 Orc Burrow
08:54 Orc Burrow
09:05 War Mill
11:36 Fortress
11:58 Orc Burrow
14:03 Tauren Totem
15:12 Spirit Lodge
18:05 Orc Burrow
18:51 Great Hall
» items
| Healing Salve | 3 | |
| Lesser Clarity Potion | 2 | |
| Boots of Speed | 1 | |
| Scroll of Town Portal | 3 | |
| Scroll of Healing | 2 | |
| Orb of Lightning | 1 | |
| Potion of Healing | 1 | |
13 total
Chat log
(06:36 / All) timg4strok: ?
(06:38 / All) timg4strok: would U be so kind
(06:39 / All) timg4strok: ?
(11:14 / All) BEAR_AND: lol
(11:18 / All) BEAR_AND: are you guys ok????
(11:31 / All) BEAR_AND: welcome to war3
(11:39 / All) BEAR_AND: where are you all from
(11:40 / All) BEAR_AND: let's chat
(13:18 / All) BEAR_AND: yellow are you playing>????
(13:24 / All) BEAR_AND: archers a little 2005
(14:02 / All) BEAR_AND: see ya
(14:04 / All) BEAR_AND: ???
(18:43 / All) BEAR_AND: hi boys asl??
(19:01 / All) BEAR_AND: 25/m/Isle, Minnesota
(23:36 / All) BEAR_AND: have u ever grown tired of this stupid world
(23:38 / All) BEAR_AND: i had
(23:53 / All) BEAR_AND: let's play some real shit (yeah)
(24:24 / All) BEAR_AND: 6 bone dragons
(24:28 / All) BEAR_AND: 0 death knights
(24:36 / All) BEAR_AND: 5 bone dragons
(24:39 / All) BEAR_AND: 4 bone dragonw
(24:48 / All) BEAR_AND: 3 bone dragons